 Dungeon Crawl Stone Soup version 0.23.2-40-g277498a001 (webtiles) character file.

Game seed: 10230905046811188056

33 pacmouf the Digger (level 3, 0/19 HPs)
             Began as a Gargoyle Earth Elementalist on Sept 21, 2019.
             Slain by a scorpion (8 damage)
             ... on level 2 of the Dungeon.
             The game lasted 00:06:55 (1678 turns).

pacmouf the Digger (Gargoyle Earth Elementalist)    Turns: 1678, Time: 00:06:56

Health: 0/19       AC:  5    Str: 11    XL:     3   Next: 29%
Magic:  1/6        EV: 12    Int: 16    God:
Gold:   53         SH:  0    Dex: 10    Spells: 6/7 levels left

rFire    . . .     SeeInvis .   p - +1 dagger (freeze)
rCold    . . .     Gourm    .   (no shield)
rNeg     + . .     Faith    .   c - +0 robe
rPois    ∞         Spirit   .   (no helmet)
rElec    +         Reflect  .   (no cloak)
rCorr    .         Harm     .   (no gloves)
MR       .....                  (no boots)
Stlth    ++........             (no amulet)
HPRegen  0.06/turn              l - ring of wizardry
MPRegen  0.10/turn              (no ring)

@: no status effects
A: negative energy resistance 1, electricity resistance, unbreathing,
petrification resistance, rot immunity, AC +3
a: no special abilities


You were on level 2 of the Dungeon.
You were hungry.

You visited 1 branch of the dungeon, and saw 2 of its levels.

You collected 53 gold pieces.

Inventory:

Hand Weapons
 p - a +1 dagger of freezing (weapon)
Missiles
 b - 20 stones (quivered)
Armour
 c - a +0 robe (worn)
Jewellery
 e - a cursed -3 ring of protection
 l - a ring of wizardry (left hand)
Scrolls
 j - a scroll of blinking {unknown}
 k - a scroll of teleportation {unknown}
 n - a scroll of enchant weapon {unknown}
Potions
 a - a potion of brilliance {unknown}
 f - a potion of ambrosia {unknown}
 g - a potion of flight {unknown}
 h - a potion of lignification {unknown}
 i - a potion of agility {unknown}
 m - a potion of mutation {unknown}
 o - a potion of resistance
Comestibles
 d - 7 rations


   Skills:
 + Level 2.1 Dodging
 - Level 2.1 Stealth
 + Level 2.5 Spellcasting
   Level 0.7 Transmutations
 + Level 4.2 Earth Magic


You had 6 spell levels left.
You knew the following spells:

 Your Spells              Type           Power        Failure   Level  Hunger
a - Sandblast             Erth           ###...       1%          1    #......

Your spell library contained the following spells:

 Spells                   Type           Power        Failure   Level  Hunger
 Passwall                 Tmut/Erth      #.......     4%          2    ##.....
 Stone Arrow              Conj/Erth      #.....       11%         3    ###....
 Petrify                  Tmut/Erth      #.......     26%         4    #####..
 Lee's Rapid Deconstruct  Erth           ###.......   34%         5    ######.


Dungeon Overview and Level Annotations

Branches:
Dungeon (2/15)

Altars:
The Shining One


Innate Abilities, Weirdness & Mutations

You are resistant to torment.
Your stone body is resilient. (AC +3)
You are immune to poison.
You resist negative energy. (rN+)
You are resistant to electric shocks. (rElec)
You can survive without breathing.
You are immune to petrification.
You are immune to rotting.


Message History

The scorpion stings you but does no damage.
Casting: Sandblast (safe; 1% risk of failure)
Confirm with . or Enter, or press ? or * to list all spells.
Aiming: Sandblast (safe; 1% risk of failure)
Press: ? - help, Shift-Dir - straight line, f/p - scorpion
Aim: a scorpion (heavily wounded)
The blast of sand misses the scorpion.
b - 20 stones The bat closely misses you.
The scorpion stings you but does no damage.
You barely miss the scorpion.
The scorpion is heavily wounded.
The bat barely misses you. The scorpion completely misses you.
You closely miss the scorpion.
The scorpion is heavily wounded.
The bat hits you but does no damage. The scorpion closely misses you.
You hit the scorpion but do no damage.
The scorpion is heavily wounded.
The bat barely misses you. The scorpion stings you!
You die...

..## ..##.#
#....###......### ###
#.###.#...
#.........#.†...# #.
#.#.... ####..##.........
#. #.#.... #<.##.........
#. #.#.....
##..##......... #.
.....###...##.........
#.# #.....#.##.........
#... ###s.##.###........
#...##@..##..........<)
#...$b.................
...#.#.#.#.##.###........
.......# .# #........
#.#.#.#.#.#.# #........
.. .... ..... ##.>.....
.# #.#.#.#.#..# ##.....#
.... ..... ####### #$#=#
#.#


You could see a scorpion and a bat.

Vanquished Creatures
  A worm (D:2)
  A leopard gecko (D:2)
  7 bats
  4 goblins
  4 hobgoblins (D:1)
  3 jackals (D:2)
  4 frilled lizards
  3 kobolds
  A rat (D:1)
28 creatures vanquished.

Notes
Turn   | Place    | Note
-------+----------+-------------------------------------------
     0 | D:1      | pacmouf the Gargoyle Earth Elementalist began the quest for
                  | the Orb.
     0 | D:1      | Reached XP level 1. HP: 10/10 MP: 3/3
   478 | D:1      | Reached XP level 2. HP: 15/15 MP: 1/5
   799 | D:1      | Found a glowing golden altar of the Shining One.
  1193 | D:2      | Reached skill level 4 in Earth Magic
  1348 | D:2      | Noticed a scorpion
  1380 | D:2      | Reached XP level 3. HP: 19/19 MP: 4/6
  1678 | D:2      | Slain by a scorpion

Skill      XL: |  1  2 |
---------------+-------+-----
Dodging        | 2 |  2.1
Earth Magic    | 4 |  4.2
Stealth        | |  2.1
Spellcasting   | |  2.5
Transmutations | |  0.7

Action                   || total
-------------------------++-------
Melee: Unarmed           ||    44
       Dagger            ||     7
 Cast: Sandblast         ||    47
  Use: Scroll            ||     2
  Eat: Chunk             ||     2
Armor: Robe              ||    42
Dodge: Dodged            ||    69
